 Dungeon Crawl Stone Soup version 0.26-a0-652-gafc20e3620 (webtiles) character file.

Game seed: 7051153456455990929

94 mordus the Shield-Bearer (level 4, -1/28 HPs)
             Began as a Gargoyle Fighter on Oct 1, 2020.
             Slain by a gnoll
             ... wielding a +0 halberd
              (10 damage)
             ... on level 2 of the Dungeon.
             The game lasted 00:05:47 (1403 turns).

mordus the Shield-Bearer (Gargoyle Fighter)         Turns: 1403, Time: 00:05:47

Health: -1/28      AC: 14    Str: 21    XL:     4   Next: 63%
Magic:  4/4        EV:  5    Int:  8    God:
Gold:   90         SH:  9    Dex:  9    Spells: 3/3 levels left

rFire    . . .     SeeInvis .   a - +0 flail
rCold    . . .     Faith    .   c - +0 kite shield
rNeg     + . .     Spirit   .   g - +0 chain mail
rPois    ∞         Reflect  .   (no helmet)
rElec    +         Harm     .   (no cloak)
rCorr    .         Rampage  .   k - +0 pair of gloves
MR       .....                  (no boots)
Stlth    ..........             (no amulet)
HPRegen  0.09/turn              (no ring)
MPRegen  0.09/turn              (no ring)

@: no status effects
A: negative energy resistance 1, electricity resistance, unbreathing,
petrification resistance, rot immunity, AC +3
a: no special abilities


You were on level 2 of the Dungeon.
You visited 1 branch of the dungeon, and saw 2 of its levels.

You collected 90 gold pieces.

Inventory:

Hand Weapons
 a - a +0 flail (weapon)
Armour
 b - a +0 scale mail
 c - a +0 kite shield (worn)
 g - a +0 chain mail (worn)
 k - a +0 pair of gloves (worn)
Scrolls
 e - 2 scrolls of fog {unknown}
 f - 3 scrolls of teleportation {unknown}
 i - 2 scrolls of remove curse {unknown}
Potions
 d - a potion of might
 h - a potion of ambrosia {unknown}
 j - a potion of heal wounds {unknown}
 l - a potion of degeneration {unknown}


   Skills:
 - Level 3.2 Fighting
 * Level 3.6 Maces & Flails
 + Level 4.0 Armour
 + Level 4.0 Shields


You had 3 spell levels left.
You didn't know any spells.
Your spell library was empty.

Dungeon Overview and Level Annotations

Branches:
Dungeon (2/15)

Altars:


Innate Abilities, Weirdness & Mutations

You are resistant to torment.
Your stone body is resilient. (AC +3)
You are immune to poison.
You resist negative energy. (rN+)
You are resistant to electric shocks. (rElec)
You can survive without breathing.
You are immune to petrification.
You are immune to rotting.


Message History

The gnoll hits you from afar with a +0 halberd.
The gnoll hits you but does no damage. You block the gnoll's attack.
You hit the gnoll.
The gnoll is severely wounded.
You block the gnoll's attack. The gnoll hits you.
The gnoll hits you from afar with a +0 halberd.
You sock the gnoll!
You kill the gnoll!
Your Armour skill increases to level 4!
The gnoll hits you from afar with a +0 halberd!
You block the gnoll's attack.
Things that are here:
a +0 spear; a gnoll corpse; a gnoll corpse You sock the gnoll!
The gnoll is severely wounded.
You block the gnoll's attack.
Your chain mail prevents you from hitting the gnoll.
The gnoll is severely wounded.
The gnoll hits you with a +0 halberd!
You die...

##.##.##. #...## #........
#.##.##.
#....#####........
#.##....###......##....o..
#.####............#.......
#†# #..........#.#...#####
#.# #..........#.gg.......
#.## #..........###...#.##
#..###.....########...#
#...##.###...)@ggr....#
#.#.##.....######.#.###
#.#..#.###.# #.(...#
#.##.#.###.####...###
#.##...##.......###
#.####.##..####.# #.
#.#....###.##
#...##......#
#....##......#


You could see 2 gnolls and a rat.

Vanquished Creatures
  3 adders (D:2)
  2 gnolls (D:2)
  3 oozes (D:2)
  A worm (D:2)
  A dart slug (D:1)
  A goblin (D:1)
  6 hobgoblins
  2 jackals (D:1)
  4 bats
  3 frilled lizards (D:1)
  2 kobolds (D:1)
  8 rats
36 creatures vanquished.

Notes
Turn   | Place    | Note
-------+----------+-------------------------------------------
     0 | D:1      | mordus the Gargoyle Fighter began the quest for the Orb.
     0 | D:1      | Reached XP level 1. HP: 14/14 MP: 1/1
   322 | D:1      | Reached XP level 2. HP: 17/19 MP: 2/2
  1129 | D:2      | Reached XP level 3. HP: 23/23 MP: 3/3
  1335 | D:2      | Reached XP level 4. HP: 26/28 MP: 4/4
  1403 | D:2      | Slain by a gnoll

Illustrated notes

Levels and vault maps discovered:
D:1:      heliophobic_arrival_ceremonial_halls, layout_basic, hex_tiny
D:2:      layout_rooms, yredelemnul_forgotten_temple_becter,
          chequers_temple_overflow_statue_of_worship, minivault_5,
          minmay_misc_feat_encased

Skill      XL: |  1  2  3  4 |
---------------+-------------+-----
Maces & Flails | 3 |  3.6
Shields        | 4 |  4.0
Armour         | 4 |  4.0
Fighting       | |  3.2

Action                   |  1- 3 |  4- 6 || total
-------------------------+-------+-------++-------
Melee: Flail             |   108 |    31 ||   139
Armor: Scale mail        |     5 |       ||     5
       Chain mail        |    77 |    30 ||   107
Dodge: Dodged            |    34 |     6 ||    40
Block: Kite shield       |    61 |    21 ||    82

Table legend: (Time is in decaauts)
 A = Elapsed time spent in this place.
 B = Non-inter-level travel time spent in this place.
 C = Inter-level travel time spent in this place.
 D = Time resting spent in this place.
 E = Time spent auto-exploring this place.
 F = Levels seen in this place.
 G = Mean time per level.
                   A        B        C        D        E       F      G
               +--------+--------+--------+--------+--------+-----+--------+
         Total |   1450 |   1432 |     18 |      0 |   1069 |   2 |  725.0 |
       Dungeon |   1450 |   1432 |     18 |      0 |   1069 |   2 |  725.0 |
               +--------+--------+--------+--------+--------+-----+--------+

Top non-repeatable levels by time:
     D:1: 1138 daAuts
     D:2: 311 daAuts
